 Dungeon Crawl Stone Soup version 0.30-a0-830-gfe289a77b0 (webtiles) character file.

Game seed: 7405266090080257946

83 Pimp the Insei (level 4, 0/31 HPs)
             Began as an Octopode Monk on Feb 28, 2023.
             Slain by a goblin
             ... wielding a +0 dagger
             ... led by Robin
              (6 damage)
             ... on level 2 of the Dungeon.
             The game lasted 00:02:46 (1174 turns).

Pimp the Insei (Octopode Monk)                      Turns: 1174, Time: 00:02:46

Health: 0/31       AC:  1    Str: 10    XL:     4   Next: 44%
Magic:  13/13      EV: 14    Int: 12    God:
Gold:   92         SH:  0    Dex: 16    Spells: 3/3 levels left

rFire   . . .      SeeInvis +      - Unarmed
rCold   + . .      Faith    .    (no shield)
rNeg    . . .      Spirit   .    (helmet restricted)
rPois   .          Reflect  .    (no amulet)
rElec   .          Harm     .    c - ring of magical power
rCorr   .          Rampage  .    l - ring of see invisible
Will    .....                    n - ring of protection from cold
Stlth   ++++                     (no ring)
HPRegen 0.25/turn                (no ring)
MPRegen 0.13/turn                (no ring)
                                 (no ring)
                                 (no ring)

@: no status effects
A: almost no armour, amphibious, 8 rings, camouflage 1, gelatinous body 1,
(nimble swimmer 1), tentacles
a: no special abilities


You were on level 2 of the Dungeon.
You visited 1 branch of the dungeon, and saw 2 of its levels.

You collected 92 gold pieces.

Inventory:

Jewellery
 c - a ring of magical power (left tentacle)
 l - a ring of see invisible (right tentacle)
 n - a ring of protection from cold (on tentacle)
Scrolls
 e - a scroll of vulnerability {unknown}
 f - 2 scrolls of silence {unknown}
 g - a scroll of enchant armour {unknown}
 i - a scroll of identify {unknown}
 j - 3 scrolls of teleportation {unknown}
 p - a scroll of acquirement {unknown}
Potions
 a - 3 potions of ambrosia
 b - a potion of lignification {unknown}
 d - 2 potions of mutation {unknown}
 h - 2 potions of brilliance {unknown}
 k - 2 potions of curing {unknown}
 m - a potion of invisibility {unknown}
 o - a potion of haste {unknown}


   Skills:
 + Level 3.4 Fighting
 + Level 3.5 Dodging
 + Level 3.7 Stealth
 * Level 4.0 Unarmed Combat


You had 3 spell levels left.
You didn't know any spells.
Your spell library contained the following spells:

 Spells                   Type           Power      Damage    Failure   Level
 Stone Arrow              Conj/Erth      0%         3d7       69%         3
 Lehudib's Crystal Spear  Conj/Erth      0%         10d2      100%        8
 Animate Armour           Summ/Erth      Unusable   N/A       N/A         4

Dungeon Overview and Level Annotations

Branches:
Dungeon (2/15)

Altars:

Annotations:
D:2 Robin


Innate Abilities, Weirdness & Mutations

You cannot wear most types of armour.
You are amphibious.
You can wear up to eight rings at the same time.
Your skin changes colour to match your surroundings (Stealth+).
Your rubbery body absorbs attacks. (AC +1, EV +1)
((You are camouflaged when in or above water. (Stealth+)))
You have tentacles for arms and can constrict up to eight enemies at once.


Message History

Robin, 4 goblins and 2 hobgoblins come into view.
The hobgoblin shouts!
Robin shouts!
The goblin shouts! x2; You hear a shout! x2
Robin roars a battlecry!
The goblins go into a battle-frenzy!
A goblin comes into view. It is wielding a +0 club.
The goblin shouts!
You closely miss the goblin.
The hobgoblin shouts!
The goblin shouts!
Your grab misses the goblin. Robin throws the goblin at you!
The goblin hits you with a +0 club. The goblin misses you.
A hobgoblin comes into view.
The hobgoblin shouts!
You bludgeon the goblin!
You kill the goblin!
The goblin barely misses you. The hobgoblin attacks as you move away!
The hobgoblin hits you.
A hobgoblin comes into view.
Things that are here:
a +0 club; a goblin corpse You tentacle-slap the goblin.
You kill the goblin!
You tentacle-slap the hobgoblin.
You kill the hobgoblin!
Robin's bangles clink loudly.
Robin throws the goblin at you! The goblin hits you with a +0 club.
You barely miss the goblin. You grab the goblin. You constrict the goblin.
Robin throws the goblin at you! The goblin hits you with a +0 dagger.
The goblin barely misses you.
You tentacle-slap the goblin.
You kill the goblin!
Robin throws the goblin at you! The hobgoblin misses you.
The goblin hits you with a +0 dagger.
* * * LOW HITPOINT WARNING * * *
The goblin misses you.
Your Unarmed Combat skill increases to level 4!
You tentacle-slap the goblin but do no damage.
You grab the goblin. You squeeze the goblin.
You kill the goblin!
The hobgoblin closely misses you. The goblin hits you with a +0 dagger.
You die...

#.##(......)
#.#.^.gw......
#.#gg###.###.. #.#gg# #
###.. #.#..# .....
##### #.#gg# .....
##...## #.#..# .....
#.....####.#).####..#..
#.)..g@gggggg..........
#[...)####.#.?.......
##...## #....####...
##.## ####.# #.. #.# .#
#..# #.# .# #..# #.# .#
#..# #.# #..### #.#
#..##.


You could see Robin, 3 hobgoblins and 3 goblins.

Vanquished Creatures
  Jessica (D:2)
  An adder (D:2)
  A worm (D:1)
  2 dart slugs
  2 endoplasms (D:1)
  3 giant cockroaches
  8 goblins
  4 hobgoblins
  2 kobolds (D:2)
  4 quokkas (D:1)
  5 ball pythons
  2 bats (D:1)
  2 frilled lizards (D:1)
  3 rats
40 creatures vanquished.

Notes
Turn   | Place    | Note
-------+----------+-------------------------------------------
     0 | D:1      | Pimp the Octopode Monk began the quest for the Orb.
     0 | D:1      | Reached XP level 1. HP: 16/16 MP: 1/1
   161 | D:1      | Reached XP level 2. HP: 10/21 MP: 2/2
   556 | D:1      | Reached XP level 3. HP: 24/26 MP: 3/3
   770 | D:2      | Noticed Jessica
   787 | D:2      | Killed Jessica
   788 | D:2      | Reached XP level 4. HP: 24/31 MP: 4/4
   989 | D:2      | Found a faded altar of an unknown god.
  1160 | D:2      | Noticed Robin
  1174 | D:2      | Reached skill level 4 in Unarmed Combat
  1174 | D:2      | Slain by a goblin

Illustrated notes

Levels and vault maps discovered:
D:1:      shiori_arrival_oz, layout_basic, ebering_dispersal_statue_hall,
          nicolae_wormholes
D:2:      layout_loops_ring, basic_ecumenical_altar, uniq_jessica, uniq_robin

Skill      XL: |  1  2  3  4 |
---------------+-------------+-----
Stealth        | 3 |  3.7
Unarmed Combat | 4 |  4.0
Fighting       | |  3.4
Dodging        | |  3.5

Action                     |  1- 3 |  4- 6 || total
---------------------------+-------+-------++-------
  Melee: Unarmed           |    59 |    15 ||    74
         Constrict         |    14 |     6 ||    20
         Tentacles         |     8 |     2 ||    10
         Punch             |     2 |       ||     2
   Stab: Sleeping          |     7 |     4 ||    11
         Distracted        |     1 |       ||     1
 Armour: Skin              |     1 |       ||     1
  Dodge: Dodged            |    33 |     9 ||    42

Table legend: (Time is in decaauts)
 A = Elapsed time spent in this place.
 B = Non-inter-level travel time spent in this place.
 C = Inter-level travel time spent in this place.
 D = Time resting spent in this place.
 E = Time spent auto-exploring this place.
 F = Levels seen in this place.
 G = Mean time per level.
                   A        B        C        D        E       F      G
               +--------+--------+--------+--------+--------+-----+--------+
         Total |   1168 |   1168 |      0 |     70 |    787 |   2 |  584.0 |
       Dungeon |   1168 |   1168 |      0 |     70 |    787 |   2 |  584.0 |
               +--------+--------+--------+--------+--------+-----+--------+

Top non-repeatable levels by time:
     D:1: 757 daAuts
     D:2: 410 daAuts
